 Dungeon Crawl Stone Soup version 0.28.0-53-g5a82cb258f (webtiles) character file.

Game seed: 17860084618584461430

1783697 GnomeSayin the Wrestler (level 25, 261/261 (279) HPs)
             Began as a Troll Hunter on June 3, 2022.
             Was the Champion of Okawaru.
             Escaped with the Orb
             ... and 3 runes on June 4, 2022!
             The game lasted 14:03:52 (59407 turns).

GnomeSayin the Wrestler (Troll Hunter)             Turns: 59407, Time: 14:03:53

HP:   261/261 (279) AC: 10    Str: 32    XL:     25   Next: 81%
MP:   39/39         EV:  9    Int:  9    God:    Okawaru [******]
Gold: 6600          SH: 28    Dex: 17    Spells: 24/24 levels left

rFire   + + +      SeeInvis .     - Unarmed
rCold   + + +      Faith    .   b - +8 tower shield {rF+}
rNeg    . . .      Spirit   .   V - +1 robe of Hopscotch {Regen+ Slay+3}
rPois   +          Reflect  .   y - +2 hat {Will+}
rElec   +          Harm     .   B - +1 cloak "Trusted Companion" {rC+++ Str-4 Dex+3}
rCorr   .          Rampage  .   (gloves unavailable)
Will    +++..      Rage     1%  (boots unavailable)
Stlth   +.........              J - amulet "Ekouw" {rElec rF+ Regen+ MP+9 Str-3}
HPRegen 2.93/turn               P - ring "Gozuk" {rF+ Str+6 Int+2 Dex+2 Slay+2}
MPRegen 0.26/turn               s - ring of Ziamp {Drain +Blink Fly rElec rPois}

@: flying, drained
A: large, unfitting armour, claws 3, regeneration 1, shaggy fur 1, tough skin 1,
berserk 1, strong-willed 1, mutation resistance 1, MP-powered wands
0: Orb of Zot
}: 3/15 runes: decaying, serpentine, slimy
a: Renounce Religion, Evoke Blink, Heroism, Finesse, Duel


You escaped.
You worshipped Okawaru.
Okawaru was exalted by your worship.
You visited 11 branches of the dungeon, and saw 53 of its levels.
You also visited: Ice Cave and Wizlab.

You collected 7618 gold pieces.
You spent 1018 gold pieces at shops.

Inventory:

Missiles
 c - 24 large rocks (quivered)
 d - 4 throwing nets
 p - 14 curare-tipped darts
 r - 23 silver javelins
 u - 7 datura-tipped darts
 A - 48 poisoned darts
 F - 36 atropa-tipped darts
 G - 2 silver boomerangs
 M - 5 boomerangs
 U - 15 boomerangs of dispersal
Armour
 b - a +8 tower shield of fire resistance (worn)
 i - the +1 robe of Rompotae {Harm rF+++ Will+ Dex-5}
   (Okawaru gifted it to you on level 5 of the Pits of Slime)

   Dex:       It affects your dexterity (-5).
   rF:        It renders you almost immune to fire.
   Harm:      It increases damage dealt and taken.
   Will:      It increases your willpower.
 y - a +2 hat of willpower (worn)
 B - the +1 cloak "Trusted Companion" (worn) {rC+++ Str-4 Dex+3}
   (Okawaru gifted it to you on level 3 of the Depths)

   Str:       It affects your strength (-4).
   Dex:       It affects your dexterity (+3).
   rC:        It renders you almost immune to cold.
 O - a +2 robe of willpower
 V - the +1 robe of Hopscotch (worn) {Regen+ Slay+3}
   (You found it on level 3 of the Depths)

   Slay:      It affects your accuracy & damage with ranged weapons and melee
   (+3).
   Regen:     It increases your rate of health regeneration.
 Z - the +1 acid dragon scales "Hunk" {rPois rC+ rCorr Str+2}
   (Okawaru gifted it to you on level 14 of the Dungeon)

   Str:       It affects your strength (+2).
   rC:        It protects you from cold.
   rPois:     It protects you from poison.
   rCorr:     It protects you from acid and corrosion.
Jewellery
 a - the necklace of Bloodlust {*Rage Will++ Int-3 Slay+6}
   (You took it off a yaktaur on level 1 of the Vaults)

   [amulet of nothing]

   It extends the wearer's berserk rage when killing foes.
   Int:       It affects your intelligence (-3).
   Slay:      It affects your accuracy & damage with ranged weapons and melee
   (+6).
   *Rage:     It berserks you when you make melee attacks (+50% chance).
   Will:      It greatly increases your willpower.
 j - an amulet of reflection
 m - the ring "Tiga" {EV+4 Int+8 Slay+3 SInv}
   (You found it on level 5 of the Pits of Slime)

   [ring of evasion]

   EV:        It affects your evasion (+4).
   Int:       It affects your intelligence (+8).
   Slay:      It affects your accuracy & damage with ranged weapons and melee
   (+3).
   SInv:      It lets you see invisible.
 s - the ring of Ziamp (right claw) {Drain +Blink Fly rElec rPois}
   (You bought it in a shop on level 13 of the Dungeon)

   [ring of flight]

   rElec:     It insulates you from electricity.
   rPois:     It protects you from poison.
   Fly:       It grants you flight.
   +Blink:    It lets you blink.
   Drain:     It drains your maximum health when unequipped.
 w - the ring of Kuoblaew {Fly Will++}
   (You took it off a deep elf demonologist on level 3 of the Elven Halls)

   [ring of flight]

   Fly:       It grants you flight.
   Will:      It greatly increases your willpower.
 J - the amulet "Ekouw" (around neck) {rElec rF+ Regen+ MP+9 Str-3}
   (You took it off a deep elf pyromancer on level 3 of the Elven Halls)

   [amulet of regeneration]

   Str:       It affects your strength (-3).
   rF:        It protects you from fire.
   rElec:     It insulates you from electricity.
   MP:        It affects your magic capacity (+9).
   Regen:     It increases your rate of health regeneration.
 P - the ring "Gozuk" (left claw) {rF+ Str+6 Int+2 Dex+2 Slay+2}
   (You took it off a deep elf annihilator on level 3 of the Elven Halls)

   [ring of strength]

   Str:       It affects your strength (+6).
   Int:       It affects your intelligence (+2).
   Dex:       It affects your dexterity (+2).
   Slay:      It affects your accuracy & damage with ranged weapons and melee
   (+2).
   rF:        It protects you from fire.
 Q - the amulet of Intercession {Spirit rC+ Regen+}
   (You took it off a deep elf zephyrmancer on level 3 of the Elven Halls)

   [amulet of guardian spirit]

   It causes incoming damage to be divided between your reserves of health and
   magic.
   rC:        It protects you from cold.
   Regen:     It increases your rate of health regeneration.
 S - the ring "Anoewn" {Dex+6 Slay+3}
   (You found it on level 1 of the Realm of Zot)

   [ring of dexterity]

   Dex:       It affects your dexterity (+6).
   Slay:      It affects your accuracy & damage with ranged weapons and melee
   (+3).
Wands
 n - a wand of digging (3)
 N - a wand of acid (25)
 T - a wand of iceblast (36)
Scrolls
 e - 4 scrolls of magic mapping
 g - 29 scrolls of teleportation
 h - 5 scrolls of fear
 l - a scroll of blinking
 o - 2 scrolls of silence
 x - 4 scrolls of fog
 E - 10 scrolls of identify
 H - 6 scrolls of immolation
 L - 3 scrolls of torment
 R - a scroll of enchant armour
 W - 8 scrolls of vulnerability
Potions
 f - 7 potions of heal wounds
 k - 17 potions of curing
 q - 5 potions of mutation
 v - 7 potions of berserk rage
 z - 2 potions of haste
 C - 7 potions of cancellation
 D - 3 potions of ambrosia
 I - a potion of resistance
 K - 7 potions of brilliance
 X - 3 potions of lignification
Miscellaneous
 t - a phial of floods


   Skills:
 + Level 21.5 Fighting
 - Level 22.0 Throwing
 - Level 11.0 Armour
 - Level 1.5 Dodging
 - Level 0.3 Stealth
 - Level 17.0 Shields
 - Level 22.0 Unarmed Combat
 - Level 11.0 Invocations
 - Level 2.0 Evocations


You had 24 spell levels left.
You didn't know any spells.
Your spell library contained the following spells:

 Spells                   Type           Power      Damage    Failure   Level
 Apportation              Tloc           0%         N/A       67%         1
 Foxfire                  Conj/Fire      0%         2x1d4     67%         1
 Magic Dart               Conj           0%         1d3       67%         1
 Pain                     Necr           0%         1d4       67%         1
 Sandblast                Erth           0%         2d4       67%         1
 Shock                    Conj/Air       0%         1d3       67%         1
 Sting                    Tmut/Pois      0%         1d3       67%         1
 Blink                    Tloc           0%         N/A       80%         2
 Ensorcelled Hibernation  Hex/Ice        0%         N/A       80%         2
 Passwall                 Tmut/Erth      0%         N/A       80%         2
 Poisonous Vapours        Pois/Air       0%         N/A       80%         2
 Searing Ray              Conj           0%         2d4       80%         2
 Sublimation of Blood     Necr           0%         N/A       80%         2
 Wereblood                Tmut           0%         N/A       80%         2
 Conjure Flame            Conj/Fire      0%         6-21      95%         3
 Dazzling Flash           Conj/Hex       0%         N/A       95%         3
 Frozen Ramparts          Ice            0%         1d2       95%         3
 Gell's Gravitas          Tloc           0%         N/A       95%         3
 Ignite Poison            Fire/Tmut/Pois 0%         N/A       95%         3
 Inner Flame              Hex/Fire       0%         N/A       95%         3
 Lesser Beckoning         Tloc           0%         N/A       95%         3
 Mephitic Cloud           Conj/Pois/Air  0%         N/A       95%         3
 Ozocubu's Armour         Ice            0%         N/A       95%         3
 Spider Form              Tmut/Pois      0%         N/A       95%         3
 Stone Arrow              Conj/Erth      0%         3d7       95%         3
 Teleport Other           Tloc           0%         N/A       95%         3
 Vampiric Draining        Necr           0%         2d6       95%         3
 Airstrike                Air            0%         N/A       100%        4
 Anguish                  Hex/Necr       0%         N/A       100%        4
 Cause Fear               Hex            0%         N/A       100%        4
 Flame Wave               Conj/Fire      0%         2d4       100%        4
 Fulminant Prism          Conj/Hex       0%         3d6       100%        4
 Hailstorm                Conj/Ice       0%         3d3       100%        4
 Ice Form                 Ice/Tmut       0%         N/A       100%        4
 Iskenderun's Mystic Bla  Conj/Tloc      0%         2d3       100%        4
 Olgreb's Toxic Radiance  Pois           0%         N/A       100%        4
 Passage of Golubria      Tloc           0%         N/A       100%        4
 Petrify                  Tmut/Erth      0%         N/A       100%        4
 Sticky Flame             Conj/Fire      0%         2d3       100%        4
 Agony                    Necr           0%         N/A       100%        5
 Blade Hands              Tmut           0%         N/A       100%        5
 Fireball                 Conj/Fire      0%         3d3       100%        5
 Freezing Cloud           Conj/Ice/Air   0%         6-21      100%        5
 Irradiate                Conj/Tmut      0%         3d14      100%        5
 Iskenderun's Battlesphe  Conj           0%         2d6       100%        5
 Lee's Rapid Deconstruct  Erth           0%         3d5*      100%        5
 Manifold Assault         Tloc           0%         N/A       100%        5
 Silence                  Hex/Air        0%         N/A       100%        5
 Yara's Violent Unravell  Hex/Tmut       0%         3d3       100%        5
 Conjure Ball Lightning   Conj/Air       0%         3x3d6     100%        6
 Dispersal                Tloc           0%         N/A       100%        6
 Eringya's Noxious Bog    Tmut/Pois      0%         N/A       100%        6
 Iron Shot                Conj/Erth      0%         9d1       100%        6
 Starburst                Conj/Fire      0%         6d3       100%        6
 Dragon Form              Tmut           0%         N/A       100%        7
 Enfeeble                 Hex            0%         N/A       100%        7
 Ozocubu's Refrigeration  Ice            0%         4d5       100%        7
 Storm Form               Tmut/Air       0%         N/A       100%        7
 Discord                  Hex            0%         N/A       100%        8
 Ignition                 Fire           0%         3d3       100%        8
 Fire Storm               Conj/Fire      0%         5d1       100%        9
 Polar Vortex             Ice            0%         N/A       100%        9
 Animate Skeleton         Necr           Unusable   N/A       N/A         1
 Summon Small Mammal      Summ           Unusable   N/A       N/A         1
 Tukima's Dance           Hex            Unusable   N/A       N/A         3
 Summon Ice Beast         Ice/Summ       Unusable   N/A       N/A         4
 Summon Lightning Spire   Summ/Air       Unusable   N/A       N/A         4
 Summon Forest            Summ/Tloc      Unusable   N/A       N/A         5
 Simulacrum               Ice/Necr       Unusable   N/A       N/A         6
 Spellforged Servitor     Conj/Summ      Unusable   N/A       N/A         7
 Summon Hydra             Summ           Unusable   N/A       N/A         7

Dungeon Overview and Level Annotations

Branches:
Dungeon (15/15)            Temple (1/1) D:6            Lair (6/6) D:11
  Swamp (4/4) Lair:3        Snake (4/4) Lair:3        Slime (5/5) Lair:5
    Orc (2/2) D:11            Elf (3/3) Orc:2        Vaults (4/5) D:14
  Crypt (0/3) Vaults:3     Depths (4/4) D:15            Zot (5/5) Depths:4
  IceCv (visited)          WizLab (visited)

Altars:
Ashenzari
Cheibriados
Dithmenos
Elyvilon
Fedhas
Gozag
Hepliaklqana
Kikubaaqudgha
Makhleb
Nemelex Xobeh
Okawaru
Qazlal
Ru
Sif Muna
Trog
Uskayaw
Vehumet
Wu Jian
Xom
Yredelemnul
Zin
The Shining One
Beogh
Jiyva

Shops:
D:3 :*==[   D:7 [   D:9 (   D:10 [   D:13 =   Orc:1 =   Orc:2 **:(!   Elf:2 [[!
Elf:3 *   Snake:1 [   Snake:2 [(?[   Depths:3 (

Portals:
Hell: Depths:1 Depths:2 Depths:3 Depths:4*
Abyss: Depths:3 Depths:4
Pandemonium: Depths:2
Ziggurat: Depths:1

Annotations:
D:5 1 runed translucent door, Holdthepickle's ghost, novice MiBe
D:6 2 transporters, quokkamancerX's ghost, novice HOFi
Swamp:2 Roxanne
Elf:1 6 runed translucent doors
Elf:2 3 runed translucent doors
Depths:4 1 exclusion
Zot:4 1 exclusion
Zot:5 2 exclusions


Innate Abilities, Weirdness & Mutations

You are too large for most types of armour.
You have claws for hands.
Your natural rate of healing is unusually fast.
You are covered in fur. (AC +1)
You have tough skin. (AC +1)
You tend to lose your temper in combat.
You are strong-willed. (Will+)
You are somewhat resistant to further mutation.
You expend magic power (3 MP) to strengthen your wands.


Message History

(Z) Zot
Where to? (Enter - D:1 @ (x,y), ? - help)
What level of the Dungeon? (default 1, ? - help)
There is a stone staircase leading up here.
You fly upwards.
There is a stone staircase leading down here.
There is a stone staircase leading up here.
You fly upwards.
Level annotation: 2 transporters, quokkamancerX's ghost, novice HOFi
There is a stone staircase leading down here.
There is an open door here.
There is a stone staircase leading up here.
You fly upwards.
Level annotation: 1 runed translucent door, Holdthepickle's ghost, novice MiBe
There is a stone staircase leading down here.
There is an open door here.
There is an open door here.
There is a stone staircase leading up here.
You fly upwards.
There is a stone staircase leading down here.
Things that are here:
a +0 hand axe; a +0 plate armour; a +0 hand axe
There is a stone staircase leading up here.
You fly upwards.
There is a stone staircase leading down here.
There is an entrance to Kievuez's Armour Shop here.
There is a stone staircase leading up here.
You fly upwards.
There is a stone staircase leading down here.
Things that are here:
a +0 helmet; a +0 short sword of venom
Things that are here:
a +0 chain mail of poison resistance; a +0 trident You see here a +0 dagger.
There is a stone staircase leading up here.
You fly upwards.
There is a stone staircase leading down here.
There is a staircase leading out of the dungeon here.
There is a staircase leading out of the dungeon here.
You have escaped!

#........###.#♣...♣#.#....###.###
#........# #.##...##.'....'......
#.######## #.#♣...♣###....###.###
#.# #.##...# #....# #.#.. #.#
#.#♣.♣.♣ ###### #.#.# #.#
#.##.♣.# ######.#.. #.# #.#♣...♣
#......... #.# ######.##...#
#......... #.# #.......#.@.#
####......... #.#
#.......#######.........### #.#
#............#..##......+.. #.#
#.......####...###......###
#.#####.......# ##### ########
#....##.......###################
#....####................†.......
#(...####..............##########
#................................


There were no monsters in sight!

Vanquished Creatures
  the Royal Jelly (Slime:5)
  A dread lich (Zot:1)
  5 ancient liches (Zot:5)
  6 orbs of fire
  A juggernaut (Depths:4)
  Sojobo (Vaults:2)
  3 royal mummies
  Bai Suzhen (Swamp:3)
  Boris (Depths:3)
  the Lernaean hydra (Swamp:4)
  Margery (Depths:3)
  9 Killer Klowns
  Frederick (Vaults:3)
  5 caustic shrikes
  A curse toe (Zot:5)
  Xtahua (Depths:3)
  7 golden dragons
  2 bone dragons
  A Brimstone Fiend (D:14)
  4 electric golems
  Rupert (Lair:3)
  Jorgrun (D:13)
  Mlioglotl (Snake:3)
  24 Orb Guardians (Zot:5)
  13 tentacled monstrosities
  A walking crystal tome (Depths:3)
  A lich (Depths:1)
  A walking earthen tome (WizLab)
  2 deep elf blademasters (Elf:3)
  4 quicksilver dragons
  A walking divine tome (WizLab)
  2 deep elf master archers (Elf:3)
  11 acid blobs
  6 sphinxes
  14 death cobs
  2 ancient champions (Vaults:1)
  6 tengu reavers
  10 storm dragons
  10 shadow dragons
  Kirke (Snake:2)
  Agnes (Vaults:1)
  Donald (Swamp:4)
  9 draconian monks
  A strange machine (WizLab)
  2 draconian knights
  3 fenstrider witches
  12 azure jellies
  6 nagarajas
  2 fire giants
  9 vault wardens
  7 rockslimes
  4 draconian scorchers
  A balrug (D:13)
  5 frost giants
  A deep elf sorcerer (Elf:3)
  7 draconian shifters
  Aizul (Swamp:2)
  A spectral caustic shrike (Depths:2)
  6 quicksilver oozes
  5 deep elf elementalists (Elf:3)
  5 draconian annihilators
  5 ghost moths (Zot:5)
  15 ironbound preservers
  6 draconian stormcallers
  20 very ugly things
  6 stone giants
  5 war gargoyles
  A demonspawn blood saint (D:13)
  5 black draconians
  6 deep elf demonologists
  6 ironbound thunderhulks
  3 bunyips
  9 green draconians
  2 eleionomae (Swamp:4)
  9 deep elf annihilators
  13 white draconians
  An entropy weaver (Vaults:3)
  14 yellow draconians
  16 purple draconians
  7 red draconians
  12 dire elephants
  4 spark wasps (Depths:3)
  7 deep elf death magi (Elf:3)
  6 fire dragons
  Snorg (Lair:5)
  10 mummy priests
  3 crystal guardians
  2 spectral golden dragons (Depths:2)
  6 ettins
  A spectral quicksilver dragon (Depths:2)
  A merfolk impaler (Depths:3)
  9 great orbs of eyes
  3 deep elf high priests
  11 yaktaur captains
  Harold (Lair:1)
  A salamander tyrant (Snake:4)
  7 vault guards
  4 peacekeepers
  4 ghost crabs (Swamp:4)
  10 rakshasas
  13 naga warriors
  6 ice dragons
  27 hydras
  A juggernaut simulacrum (Depths:2)
  A spectral sphinx (Depths:2)
  A caustic shrike simulacrum (IceCv)
  7 boulder beetles
  4 anacondas
  Erica (Orc:1)
  12 ironbound frosthearts
  3 spriggan air magi
  17 centaur warriors
  2 ogre magi (Orc:2)
  4 spectral fire giants (Depths:2)
  2 spectral frost giants (Depths:2)
  8 alligators
  2 catoblepae
  15 two-headed ogres
  31 dancing weapons
  6 death yaks (Lair:5)
  A spectral stone giant (Depths:2)
  7 tengu warriors
  2 hell hogs (Depths:1)
  A satyr (shapeshifter) (D:15)
  An orc high priest (Elf:2)
  A vampire mage (Depths:2)
  3 deep troll shamans
  5 shock serpents
  5 deep troll earth magi
  18 naga sharpshooters
  5 spriggan berserkers
  9 hell knights
  A spectral storm dragon (Depths:2)
  12 deep elf knights
  6 iron trolls
  3 salamander mystics
  9 sun demons (Depths:1)
  A spectral spriggan (Depths:2)
  6 skeletal warriors
  61 deep trolls
  5 glowing orange brains
  3 goliath frogs
  6 naga ritualists
  A death drake (Swamp:1)
  An obsidian statue (Depths:2)
  4 bog bodies
  16 ironbound convokers
  3 spriggan druids
  9 deep elf archers
  A spectral iron dragon (Depths:2)
  4 orc knights
  2 glowing orange brains (shapeshifter)
  9 lindwurms
  7 swamp dragons (Swamp:4)
  4 harpies
  8 mana vipers
  7 wizards
  5 necromancers
  3 orc sorcerers
  A harpy (shapeshifter) (Elf:1)
  47 ugly things
  27 deep elf pyromancers
  22 deep elf zephyrmancers
  A wolf spider (D:15)
  4 cyclopes
  29 moths of wrath
  6 manticores
  5 shining eyes
  An iron dragon skeleton (Depths:2)
  A toenail golem (Zot:2)
  6 elephants (Lair:4)
  4 guardian serpents
  14 salamanders
  34 black mambas
  A torpor snail (shapeshifter) (Vaults:1)
  2 ice statues (Elf:3)
  3 eyes of devastation
  16 vault sentinels
  2 black mambas (shapeshifter)
  Joseph (D:9)
  9 cane toads
  21 naga magi
  A kobold demonologist (Depths:4)
  30 yaktaurs
  2 freezing wraiths (Vaults:3)
  An anaconda simulacrum (IceCv)
  4 rime drakes
  A tengu conjurer (Depths:1)
  8 komodo dragons
  A tormentor (D:13)
  10 guardian mummies
  A hellwing (D:8)
  14 trolls
  An ice devil (D:13)
  2 bloated husks (Swamp:3)
  A troll (shapeshifter) (Depths:4)
  3 meliai (D:14)
  A meliai (shapeshifter) (Elf:1)
  A spectral glowing shapeshifter (Depths:2)
  7 tyrant leeches
  A queen bee (shapeshifter) (D:15)
  A tarantella (shapeshifter) (Elf:2)
  A spriggan zombie (Depths:2)
  4 polar bears
  An iron dragon simulacrum (Vaults:4)
  19 hornets
  7 dream sheep
  110 slime creatures
  7 water elementals
  26 spriggans
  3 wraiths
  2 air elementals
  A human (shapeshifter) (Depths:4)
  A ynoxinul (Zot:1)
  4 hogs (Snake:2)
  4 wyverns
  4 basilisks
  A fire bat (shapeshifter) (Vaults:4)
  59 yaks
  A dire elephant simulacrum (IceCv)
  A redback (Vaults:3)
  A fire elemental (Elf:2)
  11 golden eyes
  2 steam dragons
  40 nagas
  11 vampire mosquitoes
  14 swamp worms
  2 acid dragons
  Duvessa (D:7)
  16 water moccasins
  4 sky beasts
  A hydra simulacrum (IceCv)
  13 swamp drakes
  An ice beast (D:6)
  30 orc warriors
  7 black bears
  19 ogres
  A hornet zombie (D:5)
  3 necrophages
  27 wolves
  2 ettin simulacra (IceCv)
  2 alligator simulacra (IceCv)
  5 boggarts (Lair:6)
  10 centaurs
  A phantom (D:6)
  4 kobold brigands
  14 bullfrogs
  2 scorpions
  2 wyvern zombies (D:7)
  A gnoll sergeant (D:7)
  4 earth elementals
  A water moccasin skeleton (D:7)
  Dowan (D:7)
  6 killer bees (D:11)
  13 wights
  A vampire bat (Lair:3)
  5 howler monkeys
  9 electric eels
  A bullfrog zombie (D:6)
  5 centaur zombies
  3 hounds (D:7)
  2 human simulacra (Vaults:4)
  3 jellies
  2 bullfrog skeletons (D:7)
  A gnoll shaman (D:4)
  14 orc priests
  A centaur skeleton (D:7)
  Jessica (D:2)
  An iguana (D:5)
  Terence (D:2)
  8 hell rats
  15 orc wizards
  A mummy (Depths:3)
  A howler monkey zombie (D:9)
  5 gnolls (D:4)
  A howler monkey skeleton (D:7)
  5 adders
  8 river rats (Lair:2)
  A shadow imp (D:7)
  A white imp (D:7)
  An adder skeleton (D:4)
  A worm (D:2)
  2 dart slugs (D:1)
  74 orcs
  3 ball pythons (D:1)
  12 bats
  2 endoplasms (D:1)
  4 giant cockroaches
  9 goblins
  4 hobgoblins
  11 jackals
  5 quokkas
  2 frilled lizards
  12 kobolds
  2 rats
2040 creatures vanquished.

Vanquished Creatures (others)
  A deep elf knight (Elf:1)
  A deep elf pyromancer (Elf:1)
  A bloated husk (Swamp:4)
  A kobold brigand (D:9)
  A bat (Lair:3)
  55 fungi
  66 plants
126 creatures vanquished.

Grand Total: 2166 creatures vanquished

Notes
Turn   | Place    | Note
-------+----------+-------------------------------------------
     0 | D:1      | GnomeSayin the Troll Hunter began the quest for the Orb.
     0 | D:1      | Reached XP level 1. HP: 19/19 MP: 0/0
   179 | D:1      | Reached skill level 1 in Unarmed Combat
   179 | D:1      | Reached XP level 2. HP: 28/28 MP: 1/1
   217 | D:1      | Found a faded altar of an unknown god.
   709 | D:1      | Reached XP level 3. HP: 35/35 MP: 2/2
  1344 | D:2      | Noticed Terence
  1351 | D:2      | Killed Terence
  1352 | D:2      | Reached XP level 4. HP: 35/42 MP: 3/3
  1535 | D:2      | Noticed Jessica
  1543 | D:2      | Killed Jessica
  1902 | D:3      | Found Leuph's Jewellery Boutique.
  1922 | D:3      | Found Kievuez's Armour Shop.
  1984 | D:3      | Found Myuwuor's Jewellery Emporium.
  2057 | D:3      | Found Seir's Assorted Antiques.
  2078 | D:3      | Found Noits's Book Shop.
  2611 | D:4      | Noticed an orc warrior
  2612 | D:4      | Reached XP level 5. HP: 49/52 MP: 4/4
  2800 | D:4      | Reached XP level 6. HP: 52/61 MP: 5/5
  2803 | D:4      | Reached skill level 5 in Unarmed Combat
  3405 | D:4      | Killed an orc warrior
  3406 | D:4      | Reached XP level 7. HP: 54/70 MP: 6/6
  3525 | D:5      | Entered Level 5 of the Dungeon
  3533 | D:5      | Found a runed translucent door.
  3547 | D:5      | Noticed Holdthepickle's ghost (novice MiBe)
  3650 | D:5      | Reached skill level 5 in Throwing
  3891 | D:5      | Reached skill level 1 in Shields
  3891 | D:5      | Reached XP level 8. HP: 78/78 MP: 7/7
  4312 | D:6      | Noticed a hornet
  4345 | D:6      | Found a glowing silver altar of Zin.
  4356 | D:6      | Found a shimmering blue altar of Sif Muna.
  4434 | D:6      | Noticed quokkamancerX's ghost (novice HOFi)
  4457 | D:6      | Found a transporter.
  4462 | D:6      | Found a transporter.
  4477 | D:6      | Found a staircase to the Ecumenical Temple.
  4486 | Temple   | Entered the Ecumenical Temple
  4782 | Temple   | Became a worshipper of Warmaster Okawaru
  5309 | D:7      | Reached skill level 5 in Fighting
  5341 | D:7      | Noticed Duvessa
  5342 | D:7      | Noticed Dowan
  5343 | D:7      | Killed Dowan
  5348 | D:7      | Killed Duvessa
  5480 | D:7      | Reached * piety under Okawaru
  5481 | D:7      | Reached XP level 9. HP: 70/88 MP: 8/8
  5583 | D:7      | Identified the +2 robe "Usirph" {Rampage}
  5701 | D:7      | Reached skill level 5 in Shields
  5812 | D:7      | Found Kicuded's Armour Emporium.
  6093 | D:7      | Reached ** piety under Okawaru
  6149 | D:7      | Reached skill level 1 in Invocations
  6270 | D:7      | Noticed a troll
  6272 | D:7      | Reached *** piety under Okawaru
  6278 | D:7      | Killed a troll
  6279 | D:7      | Reached XP level 10. HP: 73/98 MP: 12/12
  6529 | D:8      | Found a bloodstained altar of Trog.
  6553 | D:8      | Got Jyepuir's Papyrus of the Arsonist
  6695 | D:8      | Reached skill level 5 in Invocations
  7036 | D:8      | Reached **** piety under Okawaru
  7053 | D:8      | Received a gift from Okawaru
  7304 | D:9      | Noticed Joseph
  7311 | D:9      | Killed Joseph
  7431 | D:9      | Reached skill level 1 in Armour
  7515 | D:9      | Noticed a centaur warrior
  7537 | D:9      | Killed a centaur warrior
  7537 | D:9      | Reached ***** piety under Okawaru
  7547 | D:9      | Noticed a boulder beetle
  7547 | D:9      | Noticed a white ugly thing
  7567 | D:9      | Killed a white ugly thing
  7571 | D:9      | Killed a boulder beetle
  7572 | D:9      | Reached XP level 11. HP: 49/107 MP: 13/13
  7673 | D:9      | Noticed a centaur warrior
  7680 | D:9      | Killed a centaur warrior
  7680 | D:9      | Received a gift from Okawaru
  7707 | D:9      | Noticed a centaur warrior
  7713 | D:9      | Killed a centaur warrior
  7735 | D:9      | Noticed a centaur warrior
  7771 | D:9      | Killed a centaur warrior
  7849 | D:9      | Found Zedeh's Antique Weapon Shoppe.
  7913 | D:9      | Noticed a two-headed ogre
  7921 | D:9      | Killed a two-headed ogre
  7921 | D:9      | Received a gift from Okawaru
  7922 | D:9      | Reached skill level 10 in Unarmed Combat
  8112 | D:9      | Identified the +1 robe of Youthful Indiscretion {Stlth+}
  8251 | D:9      | Found a burning altar of Makhleb.
  8251 | D:9      | Found an ornate altar of the Wu Jian Council.
  8381 | D:10     | Entered Level 10 of the Dungeon
  8548 | D:10     | Found a hazy altar of Hepliaklqana.
  8554 | D:10     | Found Xutoxav's Superior Scales.
  8575 | D:10     | Noticed a centaur warrior
  8584 | D:10     | Killed a centaur warrior
  9475 | D:11     | Found a staircase to the Lair.
  9529 | D:11     | Noticed a two-headed ogre
  9554 | D:11     | Killed a two-headed ogre
  9554 | D:11     | Identified the +3 kite shield of Insurance {rN++} (Okawaru
                  | gifted it to you on level 11 of the Dungeon)
  9554 | D:11     | Received a gift from Okawaru
  9629 | D:11     | Reached XP level 12. HP: 119/119 MP: 15/15
  9675 | D:11     | You fall into a shaft and drop 3 floors!
  9675 | D:14     | Noticed a six-headed hydra
  9824 | D:11     | Noticed a boulder beetle
  9938 | D:11     | Killed a boulder beetle
 10443 | D:11     | Found a staircase to the Orcish Mines.
 10550 | D:11     | Found a runed translucent door.
 10551 | D:11     | Noticed an ettin
 10918 | D:11     | Noticed a boulder beetle
 10930 | D:11     | Killed a boulder beetle
 11075 | D:12     | Noticed a boulder beetle
 11090 | D:11     | Killed a boulder beetle
 11102 | D:12     | Noticed a four-headed hydra
 11168 | D:12     | Noticed a six-headed hydra
 11244 | D:11     | Killed a four-headed hydra
 11244 | D:11     | Received a gift from Okawaru
 11373 | D:12     | Killed a six-headed hydra
 11373 | D:12     | Received a gift from Okawaru
 11488 | D:12     | Noticed a two-headed ogre
 11491 | D:12     | Killed a two-headed ogre
 11554 | D:12     | Noticed a boulder beetle
 11562 | D:12     | Killed a boulder beetle
 11708 | D:12     | Received a gift from Okawaru
 11709 | D:12     | Reached XP level 13. HP: 88/131 MP: 16/16
 12006 | Lair:1   | Entered Level 1 of the Lair of Beasts
 12028 | Lair:1   | Noticed Harold
 12037 | Lair:1   | Killed Harold
 12037 | Lair:1   | Identified the +0 robe "Xyorurao" {rN+} (Okawaru gifted it
                  | to you on level 1 of the Lair of Beasts)
 12037 | Lair:1   | Received a gift from Okawaru
 12287 | Lair:1   | Reached ****** piety under Okawaru
 12703 | Lair:1   | Reached skill level 10 in Throwing
 13352 | Lair:2   | Identified the +2 leather armour of Starshine {rC+ MP+9
                  | Str+4}
 14086 | Lair:3   | Reached skill level 10 in Fighting
 14196 | Lair:3   | Noticed Rupert
 14724 | Lair:4   | Received a gift from Okawaru
 15419 | Lair:5   | Noticed Snorg
 15426 | Lair:5   | Killed Snorg
 15430 | Lair:5   | Reached XP level 14. HP: 143/143 MP: 11/18
 15506 | Lair:5   | Received a gift from Okawaru
 15773 | Lair:5   | Found a staircase to the Slime Pits.
 15773 | Lair:5   | Found a viscous altar of Jiyva.
 16410 | Lair:6   | Entered Level 6 of the Lair of Beasts
 16939 | Lair:6   | Identified the +1 robe of Past Mistakes {-Cast rF+ Str+6
                  | Dex-3} (Okawaru gifted it to you on level 6 of the Lair of
                  | Beasts)
 16939 | Lair:6   | Received a gift from Okawaru
 17098 | Lair:6   | Reached skill level 10 in Shields
 17281 | Lair:6   | Got the Catalogue of Attacks
 18303 | D:13     | Found Riuliuck's Jewellery Emporium.
 18313 | D:13     | Bought the ring of Ziamp {Drain +Blink Fly rElec rPois} for
                  | 519 gold pieces
 18500 | D:13     | Identified the +1 spear "Sosox" {holy, rElec rPois rCorr}
 18637 | D:13     | Noticed Jorgrun
 18645 | D:13     | Killed Jorgrun
 18814 | D:14     | Received a gift from Okawaru
 18943 | D:14     | Reached XP level 15. HP: 153/153 MP: 19/19
 19377 | D:14     | Received a gift from Okawaru
 19586 | D:14     | Identified the +1 acid dragon scales "Hunk" {rPois rC+
                  | rCorr Str+2} (Okawaru gifted it to you on level 14 of the
                  | Dungeon)
 19586 | D:14     | Received a gift from Okawaru
 19608 | D:14     | Found a gate to the Vaults.
 19827 | D:15     | Entered Level 15 of the Dungeon
 20193 | D:15     | Found a staircase to the Depths.
 21164 | D:15     | Found a burning altar of Makhleb.
 21370 | Orc:1    | Entered Level 1 of the Orcish Mines
 21394 | Orc:1    | Found Voeliuni's Jewellery Emporium.
 21873 | Orc:1    | Noticed Erica
 21888 | Orc:1    | Killed Erica
 22050 | Orc:2    | Entered Level 2 of the Orcish Mines
 22050 | Orc:2    | Found a staircase to the Elven Halls.
 22059 | Orc:2    | Reached skill level 15 in Unarmed Combat
 22152 | Orc:2    | Found Degar's Distillery.
 22191 | Orc:2    | Bought a potion of heal wounds for 55 gold pieces
 22191 | Orc:2    | Bought a potion of degeneration for 11 gold pieces
 22191 | Orc:2    | Bought a potion of haste for 110 gold pieces
 22687 | Orc:2    | Found Kiwameg's Weapon Shoppe.
 22688 | Orc:2    | Found Ylamiute's Book Emporium.
 22873 | Orc:2    | Found Fahetz's General Store.
 22882 | Orc:2    | Received a gift from Okawaru
 22884 | Orc:2    | Found Geuhafel's Assorted Antiques.
 23176 | Lair:3   | Reached XP level 16. HP: 163/163 MP: 20/20
 23471 | Lair:3   | Found a staircase to the Swamp.
 23642 | Lair:3   | Killed Rupert
 23642 | Lair:3   | Identified the +9 kite shield of Hini {Harm Will+} (Okawaru
                  | gifted it to you on level 3 of the Lair of Beasts)
 23642 | Lair:3   | Received a gift from Okawaru
 23922 | Lair:3   | Found a staircase to the Snake Pit.
 24231 | Snake:1  | Entered Level 1 of the Snake Pit
 24534 | Snake:1  | Found Vyipsael's Specialty Armours.
 25467 | Snake:2  | Received a gift from Okawaru
 25577 | Snake:2  | Identified a scroll of acquirement
 25601 | Snake:2  | Noticed Kirke
 25660 | Snake:2  | Noticed a sphinx
 25670 | Snake:2  | Killed Kirke
 25833 | Snake:2  | Got the Disquisition on Combat Magic
 25929 | Snake:2  | Found Ilutauni's Magic Scroll Emporium.
 25934 | Snake:2  | Found Vope's Antique Armour Emporium.
 25936 | Snake:2  | Found Ocza's Antique Weapon Emporium.
 25941 | Snake:2  | Found Ruhuon's Antique Armour Emporium.
 26000 | Snake:2  | Bought a scroll of blinking for 105 gold pieces
 26354 | Snake:3  | Received a gift from Okawaru
 26364 | Snake:3  | Noticed Mlioglotl
 26369 | Snake:3  | Killed Mlioglotl
 26376 | Snake:3  | Received a gift from Okawaru
 26461 | Snake:3  | Reached skill level 5 in Armour
 26639 | Snake:3  | Reached XP level 17. HP: 121/172 MP: 16/21
 27012 | Snake:4  | Entered Level 4 of the Snake Pit
 27070 | Snake:4  | Identified the +2 ring mail "Minok" {rPois Str-4 Dex+7}
 27140 | Snake:4  | Received a gift from Okawaru
 27775 | Snake:4  | Received a gift from Okawaru
 28017 | Snake:4  | Got a serpentine rune of Zot
 28382 | Snake:3  | Identified the +0 robe of the Two of Wands {Regen+ Str+6
                  | Int-4} (Okawaru gifted it to you on level 3 of the Snake
                  | Pit)
 28382 | Snake:3  | Received a gift from Okawaru
 28445 | Swamp:1  | Entered Level 1 of the Swamp
 29483 | Swamp:2  | Reached skill level 15 in Throwing
 29631 | Swamp:2  | Noticed Aizul
 29927 | Swamp:2  | Killed Aizul
 29992 | Swamp:2  | Identified Roxanne's Incunabulum of Transmigration
 29992 | Swamp:2  | Noticed Roxanne
 30322 | Swamp:3  | Noticed Bai Suzhen
 30330 | Swamp:3  | Killed Bai Suzhen
 30363 | Swamp:3  | Received a gift from Okawaru
 30734 | Swamp:4  | Entered Level 4 of the Swamp
 30849 | Swamp:4  | Received a gift from Okawaru
 30879 | Swamp:4  | Reached XP level 18. HP: 181/185 MP: 22/22
 30883 | Swamp:4  | Noticed Donald
 30890 | Swamp:4  | Killed Donald
 31011 | Swamp:4  | Received a gift from Okawaru
 31243 | Swamp:4  | Received a gift from Okawaru
 31346 | Swamp:4  | Noticed the 27-headed Lernaean hydra
 31353 | Swamp:4  | Killed the 27-headed Lernaean hydra
 31459 | Swamp:4  | Got a decaying rune of Zot
 31885 | D:11     | Reached skill level 10 in Invocations
 31960 | D:11     | Identified the +6 scale mail of a treasure trove {rF+
                  | Will++ MP+9}
 32077 | Elf:1    | Entered Level 1 of the Elven Halls
 32413 | Elf:1    | Identified the +8 short sword of Pestilence {venom, rPois
                  | Will+ Stlth+}
 32468 | Elf:1    | Identified the +5 rapier "Abroas" {flame, rElec rF+ rC-
                  | Will++}
 32671 | Elf:1    | Received a gift from Okawaru
 33084 | Elf:1    | Identified the +7 chain mail "Ociothrou" {rF+}
 33114 | Elf:1    | Found a runed translucent gate.
 33114 | Elf:1    | Found a runed translucent gate.
 33114 | Elf:1    | Found a runed translucent gate.
 33114 | Elf:1    | Found a runed translucent gate.
 33114 | Elf:1    | Found a runed translucent gate.
 33116 | Elf:1    | Found a runed translucent gate.
 33267 | Elf:2    | Paralysed by an air elemental for 1 turns
 33277 | Elf:2    | Found Okkah's Distillery.
 33420 | Elf:2    | Bought a potion of might for 68 gold pieces
 33637 | Elf:2    | Received a gift from Okawaru
 33852 | Elf:2    | Found Poddyby's Armour Emporium.
 33999 | Elf:2    | Found Zistume's Armour Shop.
 34136 | Elf:2    | Found a runed translucent gate.
 34137 | Elf:2    | Found a runed translucent gate.
 34137 | Elf:2    | Found a runed translucent gate.
 34213 | Elf:3    | Entered Level 3 of the Elven Halls
 34265 | Elf:3    | Found a frozen archway.
 34305 | IceCv    | Entered an ice cave
 34331 | IceCv    | Reached XP level 19. HP: 65/196 MP: 20/26
 34349 | IceCv    | Found a transporter.
 34361 | IceCv    | Found a transporter.
 34474 | Elf:3    | Found Gaejisk's Assorted Antiques.
 35088 | Elf:3    | Bought a scroll of enchant armour for 150 gold pieces
 35243 | Elf:3    | Identified the +7 trident "Waskofyu" {elec, Will+}
 35271 | Elf:3    | Identified the +9 falchion "Vepnysk" {vorpal, rPois rF+
                  | Int+3}
 35360 | Elf:3    | Identified the ring "Gozuk" {rF+ Str+6 Int+2 Dex+2 Slay+2}
 35509 | Elf:3    | Identified the amulet of Intercession {Spirit rC+ Regen+}
 35595 | Elf:3    | Received a gift from Okawaru
 35658 | Elf:3    | Identified the ring of Kuoblaew {Fly Will++}
 35660 | Elf:3    | Identified the amulet "Ekouw" {rElec rF+ Regen+ MP+9 Str-3}
 35670 | Elf:3    | Identified the +6 great mace "Resutzyr" {vorpal, rF++ rC-
                  | Dex+3 Stlth+}
 35697 | Elf:3    | Identified the +2 robe "Sedod" {-Tele rElec rF+ rN++}
                  | (Okawaru gifted it to you on level 3 of the Elven Halls)
 35697 | Elf:3    | Received a gift from Okawaru
 35737 | Elf:3    | Acquired 1094 gold pieces
 35850 | Elf:3    | Got the Compendium of Conjuration and Lightness
 35851 | Elf:3    | Identified the +8 hunting sling "Upran" {vorpal, rPois}
 35857 | Elf:3    | Identified the +5 dagger "GnomeSayin's Bane" {holy, *Rage
                  | +Blink rCorr}
 35887 | Elf:3    | Identified the +1 plate armour of Fortitude {rF- Str+4
                  | Int+2}
 36264 | Vaults:1 | Entered Level 1 of the Vaults
 37312 | Vaults:1 | Reached skill level 15 in Fighting
 37535 | Vaults:1 | Noticed Agnes
 37550 | Vaults:1 | Killed Agnes
 37989 | Vaults:2 | Received a gift from Okawaru
 37990 | Vaults:2 | Reached XP level 20. HP: 202/210 MP: 27/27
 37990 | Vaults:2 | Noticed Sojobo
 38308 | Vaults:2 | Killed Sojobo
 38314 | Vaults:2 | Reached skill level 15 in Shields
 39287 | Vaults:2 | Identified the +6 tower shield of Starshine {Drain rN++
                  | Int+4} (Okawaru gifted it to you on level 2 of the Vaults)
 39287 | Vaults:2 | Received a gift from Okawaru
 39671 | Vaults:3 | Noticed Frederick
 39687 | Vaults:3 | Killed Frederick
 40224 | Vaults:3 | Identified the +12 mace of Plog {vorpal, MP+9 Int+3 Stlth-}
 40645 | Vaults:3 | Found a staircase to the Crypt.
 41313 | Vaults:3 | Received a gift from Okawaru
 41419 | Vaults:4 | Reached XP level 21. HP: 220/221 MP: 28/28
 41481 | Vaults:4 | Found a magical portal.
 41489 | WizLab   | Entered Tukima's Studio
 41597 | WizLab   | Got the Reference Book on the Damaging Snowflakes
 41603 | WizLab   | Identified the +3 fustibalus "Miz Irri" {speed, Int+6
                  | Dex-4}
 41725 | WizLab   | Noticed GnomeSayin's illusion
 42639 | Vaults:4 | Received a gift from Okawaru
 42793 | Vaults:4 | Received a gift from Okawaru
 43078 | Vaults:4 | Reached skill level 10 in Armour
 44263 | Depths:1 | Entered Level 1 of the Depths
 44345 | Depths:1 | Received a gift from Okawaru
 44357 | Depths:1 | Found a shimmering blue altar of Sif Muna.
 44491 | Depths:1 | Received a gift from Okawaru
 44503 | Depths:1 | Found a gateway to Hell.
 45076 | Depths:1 | Reached XP level 22. HP: 225/234 MP: 29/29
 45601 | Depths:1 | Found a one-way gateway to a ziggurat.
 46371 | Depths:2 | Received a gift from Okawaru
 46439 | Depths:2 | Received a gift from Okawaru
 46485 | Depths:2 | Noticed a royal mummy
 46490 | Depths:2 | Killed a royal mummy
 46507 | Depths:2 | Identified the +1 pair of gloves of Pathos {rPois Str+4
                  | Dex+3 Stlth-}
 46751 | Depths:2 | Found a one-way gate leading to the halls of Pandemonium.
 46856 | Depths:3 | Found Jitrab's Antique Weapon Shoppe.
 47390 | Depths:3 | Noticed a royal mummy
 47814 | Depths:3 | Identified the +7 hand axe "Efeineps" {vorpal, Drain rElec
                  | rN+}
 47814 | Depths:3 | Noticed a royal mummy
 47821 | Depths:3 | Noticed Margery
 47821 | Depths:3 | Noticed Xtahua
 48001 | Depths:3 | Killed a royal mummy
 48042 | Depths:3 | Killed a royal mummy
 48270 | Depths:3 | Noticed Boris
 48274 | Depths:3 | Killed Boris
 48279 | Depths:3 | Found a one-way gate to the infinite horrors of the Abyss.
 48319 | Depths:3 | Received a gift from Okawaru
 48504 | Depths:3 | Killed Xtahua
 48535 | Depths:3 | Identified the +1 cloak "Trusted Companion" {rC+++ Str-4
                  | Dex+3} (Okawaru gifted it to you on level 3 of the Depths)
 48535 | Depths:3 | Received a gift from Okawaru
 48544 | Depths:3 | Killed Margery
 48695 | Depths:3 | Identified the +1 robe of Hopscotch {Regen+ Slay+3}
 49092 | Depths:4 | Entered Level 4 of the Depths
 49135 | Depths:4 | Identified the +6 scale mail of Osam {rC++ rN+}
 49232 | Depths:4 | Noticed a caustic shrike
 49260 | Depths:4 | Noticed a caustic shrike
 49263 | Depths:4 | Noticed a caustic shrike
 49264 | Depths:4 | Noticed a caustic shrike
 49264 | Depths:4 | Noticed a caustic shrike
 49270 | Depths:4 | Killed a caustic shrike
 49271 | Arena    | Entered the Arena
 49273 | Arena    | Killed a caustic shrike
 49286 | Arena    | Entered the Arena
 49294 | Arena    | Killed a caustic shrike
 49320 | Depths:4 | Killed a caustic shrike
 49321 | Depths:4 | Reached XP level 23. HP: 195/243 MP: 17/30
 49323 | Depths:4 | Killed a caustic shrike
 49342 | Depths:4 | Found a broken altar of Ashenzari.
 49388 | Depths:4 | Noticed a juggernaut
 50059 | Depths:4 | Found a gate to the Realm of Zot.
 50132 | Depths:4 | Killed a juggernaut
 50663 | Slime:1  | Entered Level 1 of the Pits of Slime
 50927 | Lair:5   | Received a gift from Okawaru
 51064 | Slime:2  | Identified the +8 hand crossbow "Eqiferih" {venom, Drain
                  | rPois rC++ Dex+4} (Okawaru gifted it to you on level 2 of
                  | the Pits of Slime)
 51064 | Slime:2  | Received a gift from Okawaru
 51435 | Slime:5  | Entered Level 5 of the Pits of Slime
 51659 | Slime:5  | Found a viscous altar of Jiyva.
 51659 | Slime:5  | Noticed the Royal Jelly
 51669 | Slime:5  | Killed the Royal Jelly
 51707 | Slime:5  | Identified the +1 robe of Rompotae {Harm rF+++ Will+ Dex-5}
                  | (Okawaru gifted it to you on level 5 of the Pits of Slime)
 51707 | Slime:5  | Received a gift from Okawaru
 51950 | Slime:5  | Got a slimy rune of Zot
 52013 | Slime:5  | Identified the ring "Zoscharof" {*Corrode Fly rC+ Dex+6
                  | SInv}
 52033 | Slime:5  | Identified the ring "Tiga" {EV+4 Int+8 Slay+3 SInv}
 52365 | Zot:1    | Entered Level 1 of the Realm of Zot
 52494 | Zot:1    | Noticed an orb of fire
 52496 | Zot:1    | Gained mutation: Armour fits poorly on your strangely
                  | shaped body. [an orb of fire]
 52715 | Zot:1    | Killed an orb of fire
 52716 | Zot:1    | Lost mutation: Armour fits poorly on your strangely shaped
                  | body. [potion of mutation]
 52716 | Zot:1    | Gained mutation: Your body sometimes deteriorates upon
                  | taking damage. [potion of mutation]
 52717 | Zot:1    | Lost mutation: Your body sometimes deteriorates upon taking
                  | damage. [potion of mutation]
 52717 | Zot:1    | Gained mutation: You are frail. (-10% HP) [potion of
                  | mutation]
 52717 | Zot:1    | Gained mutation: You are very frail. (-20% HP) [potion of
                  | mutation]
 52718 | Zot:1    | Lost mutation: You are very frail. (-20% HP) [potion of
                  | mutation]
 52718 | Zot:1    | Lost mutation: You are frail. (-10% HP) [potion of
                  | mutation]
 52718 | Zot:1    | Gained mutation: You are somewhat resistant to further
                  | mutation. [potion of mutation]
 52718 | Zot:1    | Gained mutation: You tend to lose your temper in combat.
                  | [potion of mutation]
 52718 | Zot:1    | Gained mutation: You are strong-willed. (Will+) [potion of
                  | mutation]
 53685 | Zot:1    | Reached XP level 24. HP: 207/250 MP: 30/30
 53783 | Zot:1    | Identified the ring "Anoewn" {Dex+6 Slay+3}
 53993 | Zot:1    | Noticed a dread lich
 54011 | Zot:1    | Killed a dread lich
 54059 | Zot:1    | Received a gift from Okawaru
 54586 | Zot:2    | Received a gift from Okawaru
 55447 | Zot:3    | Identified the +8 trident of Ashenzari's Favour {holy,
                  | Dex+6}
 55777 | Zot:3    | Received a gift from Okawaru
 56618 | Zot:4    | Noticed a Killer Klown
 56622 | Zot:4    | Killed a Killer Klown
 56626 | Zot:4    | Received a gift from Okawaru
 56882 | Zot:5    | Entered Level 5 of the Realm of Zot
 56883 | Zot:5    | Noticed an orb of fire
 57235 | Zot:5    | Killed an orb of fire
 57443 | Zot:5    | Reached XP level 25. HP: 242/267 MP: 30/30
 57474 | Zot:5    | Found a sparkling altar of Nemelex Xobeh.
 57722 | Zot:5    | Noticed an ancient lich
 57725 | Zot:5    | Killed an ancient lich
 57857 | Zot:5    | Noticed an orb of fire
 57864 | Zot:5    | Killed an orb of fire
 57911 | Zot:5    | Noticed an ancient lich
 57920 | Zot:5    | Killed an ancient lich
 57923 | Zot:5    | Noticed an ancient lich
 57925 | Zot:5    | Noticed a Killer Klown
 57935 | Zot:5    | Noticed a Killer Klown
 57939 | Zot:5    | Killed a Killer Klown
 57942 | Zot:5    | Killed a Killer Klown
 57945 | Zot:5    | Killed an ancient lich
 57987 | Zot:5    | Noticed a Killer Klown
 57995 | Zot:5    | Killed a Killer Klown
 58224 | Zot:5    | Identified the +2 robe of Nikk {Harm Rampage Dex-2 Stlth+}
                  | (Okawaru gifted it to you on level 5 of the Realm of Zot)
 58224 | Zot:5    | Received a gift from Okawaru
 58261 | Zot:5    | Noticed a Killer Klown
 58263 | Zot:5    | Noticed an orb of fire
 58267 | Zot:5    | Noticed a Killer Klown
 58267 | Zot:5    | Gained mutation: You expend magic power (3 MP) to
                  | strengthen your wands. [an orb of fire]
 58268 | Zot:5    | Killed an orb of fire
 58270 | Zot:5    | Killed a Killer Klown
 58271 | Zot:5    | Noticed a Killer Klown
 58278 | Zot:5    | Noticed an orb of fire
 58279 | Zot:5    | Killed an orb of fire
 58280 | Zot:5    | Killed a Killer Klown
 58281 | Zot:5    | Noticed a Killer Klown
 58454 | Zot:5    | Killed a Killer Klown
 58486 | Zot:5    | Noticed an ancient lich
 58503 | Zot:5    | Killed an ancient lich
 58536 | Zot:5    | Noticed a Killer Klown
 58548 | Zot:5    | Killed a Killer Klown
 58553 | Zot:5    | Noticed an orb of fire
 58563 | Zot:5    | Killed an orb of fire
 58588 | Zot:5    | Killed a Killer Klown
 58615 | Zot:5    | Noticed an ancient lich
 58619 | Zot:5    | Killed an ancient lich
 58712 | Zot:5    | Got the Orb of Zot
 59091 | D:14     | Noticed Osotiffo the pandemonium lord
 59407 | D:$      | Escaped with the Orb!

Illustrated notes

Levels and vault maps discovered:
D:1:      minmay_arrival_plants_in_alcoves, layout_basic,
          shapermc_ecumenical_altar_petra, minmay_misc_feat_iff
D:2:      layout_loops_corners, serial_glass, glass_columns_a, glass_columns_a,
          glass_columns_b, glass_columns_a, glass_columns_b,
          hangedman_abyss_or_decor_stabs, kennysheep_generic_room_6,
          uniq_terence, uniq_jessica
D:3:      layout_loops_cross, serial_shops, shop, shop,
          nicolae_shop_advertising_works [nicolae_subvault_shop_adworks],
          nicolae_shop_crystal, nicolae_shop_hallway_stairs
D:4:      layout_loops_ring
D:5:      layout_basic, ebering_ghost_reflecting_pool, minmay_hedge_maze
D:6:      layout_basic, amethyst_overflow_temple_binary,
          minmay_temple_entry_gardened_gates, gammafunk_ghost_hive,
          kennysheep_cross_bottleneck
D:7:      kennysheep_windowed_halls, layout_loops_ring, serial_shops,
          kennysheep_mini, uniq_duvessa
D:8:      layout_loops_cross, lightli_temple_of_fire, minivault_22
D:9:      minmay_bloctagon, layout_loops_ring, mainiacjoe_overflow_divided_tiny,
          serial_shops, kennysheep_mini_moat, uniq_joseph
D:10:     layout_basic, mainiacjoe_overflow_chevrons, hellmonk_scale_shop
D:11:     layout_small_grid, due_lair_maze_entry_diamond, david_orc_5,
          special_room [special_room_orc], minivault_13
D:12:     layout_cave_pools
D:13:     layout_irregular_city, serial_shops, nicolae_shop_hallway_plus,
          uniq_jorgrun
D:14:     layout_loops_ring, david_vaults_5, minmay_misc_feat_diagonals,
          nicolae_figureground_pulse
D:15:     hangedman_depths_entry_try_elsewhere_first, layout_basic,
          roderic_lattice_octagonal_star, serial_rivers,
          chequers_serial_rivers_micro_a, chequers_serial_rivers_large_b,
          chequers_serial_rivers_room_a, chequers_serial_rivers_room_b,
          chequers_serial_rivers_small_b, chequers_serial_rivers_large_a,
          makhleb_altar_promises_db
Temple:   minmay_temple_bridge_d
Lair:1:   layout_gridlike, uniq_harold
Lair:2:   layout_roguey, kennysheep_rathole, serial_bayou_shore_b,
          grunt_megastairs_2, infiniplex_staircase_pool
Lair:3:   layout_regular_city, minmay_swamp_entry_eels,
          minmay_snake_entry_guardpost_small, roderic_batcave,
          serial_bayou_shore_b, serial_bayou_shore_b, uniq_rupert
Lair:4:   layout_cave_pods
Lair:5:   layout_small_grid, slime_altar_1, uniq_snorg
Lair:6:   minmay_lair_end_enchanted_forest, layout_hall_layers,
          nicolae_quartered_pool_super, minmay_lindwurm_lava
Swamp:1:  layout_basic_swamp, nicolae_swamp_dense_foliage, swamp_pool3
Swamp:2:  layout_falls_marsh, serial_swamp_ruin, evilmike_swamp_ruin_house_2,
          evilmike_swamp_ruin_house_1, uniq_roxanne, uniq_aizul
Swamp:3:  layout_basic_swamp, nicolae_swamp_stair_fork, swamp_pool5,
          uniq_bai_suzhen
Swamp:4:  swamp_old_school, layout_basic_swamp, swamp_pool5, uniq_donald
Snake:1:  layout_gridlike, grunt_ministairs_13, nicolae_barding_shop
Snake:2:  layout_gridlike, minmay_shop_grid_forest, grunt_ministairs_14,
          uniq_kirke
Snake:3:  layout_rooms, uniq_mlioglotl
Snake:4:  snake_pit, layout_gridlike, serial_curves, eino_curves_04,
          eino_curves_02, eino_curves_03, eino_curves_04, grunt_ministairs_7
Slime:1:  layout_caves
Slime:2:  layout_caves
Slime:3:  cheibrodos_slime_lost_civilization_3, layout_caves
Slime:4:  layout_caves
Slime:5
Orc:1:    layout_caves, serial_shops, nicolae_diamond_shop, uniq_erica
Orc:2:    st_orc_open, layout_caves, serial_shops, nicolae_shop_stone
Elf:1:    minmay_elf_arrival_circle, layout_geoelf_octagon, orc_legates
Elf:2:    nicolae_elf_blades_crystal_corner, layout_onion_city, serial_shops,
          nicolae_diamond_shop, shop, nicolae_take_the_stairs, uniq_louise
Elf:3:    grunt_elf_hall_asides, layout_gridlike, serial_shops,
          nicolae_shop_crystal, portal_ice_cave_entry_ice_statue_two,
          grunt_megastairs_4
Vaults:1: vaults_mumra_hexcomb, v_misc_30, grunt_vaults_trifunnel,
          vaults_room_semicircle, v_rooms_2, nicolae_vaults_network_square,
          hangedman_vaults_trim, vaults_room_pool, sword_in_stone,
          vaults_room_pools, layout_vaults_big_room
Vaults:2: v_pattern_2, nicolae_vaults_circle_grid_a,
          nicolae_vaults_shelves_hall, ontoclasm_vaults_shout, v_misc_18,
          nicolae_vaults_asterisk, hangedman_vaults_snaps, vaults_room_corners,
          v_misc_12, nicolae_vaults_ring_of_whatevers, v_misc_30,
          layout_vaults_ring, uniq_sojobo
Vaults:3: minmay_crypt_entry_simple_plaza, hangedman_vaults_cutoff,
          ontoclasm_vaults_ligature, ontoclasm_vaults_ring_square,
          nicolae_vaults_mini_display_case, nicolae_vaults_alarming,
          vaults_room_corners, vaults_room_stairs_pillars,
          nicolae_vaults_windows_and_doors_thing, ontoclasm_vaults_ring_small,
          nicolae_vaults_rhombus_6, hangedman_vaults_impose,
          nicolae_vaults_border_crossing, vaults_dpeg_encased_lava,
          layout_vaults_big_cross, uniq_frederick
Vaults:4: mu_enter_wizlab_1, ontoclasm_vaults_spin, grunt_vaults_funnel,
          v_misc_9, nicolae_vaults_octagons, ontoclasm_vaults_decontamination,
          nicolae_vaults_network_quinsquares
          [nicolae_vaults_network_quincunx_subvault,
          nicolae_vaults_network_quincunx_subvault,
          nicolae_vaults_network_quincunx_subvault,
          nicolae_vaults_network_quincunx_subvault], v_misc_13,
          ontoclasm_vaults_claustrophobia, vaults_room_corners,
          hangedman_vaults_corner_blocks, v_misc_15,
          hangedman_vaults_stretched_pinwheel, nicolae_vaults_shelves_hall,
          vaults_room_fours, layout_vaults_omnibox
Depths:1: layout_forbidden_donut, enter_ziggurat_b,
          nicolae_hell_entry_hellmouth_sunbeams, chequers_serial_rivers_small_3,
          grunt_decor_one_mirror, solitary_fountain, hellmonk_bongcloud_opening,
          tgw_sif
Depths:2: lemuel_minitomb, layout_basic, hell_entry, rand_demon_pan_entry_5
Depths:3: ragdoll_tomb_raider, layout_basic, hangedman_coc_ice_floe,
          serial_shops, nicolae_shop_crystal, abyss_entry_small_statue_room,
          minmay_misc_feat_plants, lightli_corner_chamber, serial_bayou_shore_b,
          firewood_loft, minmay_staircase_windowed_large, uniq_margery,
          uniq_boris, uniq_xtahua
Depths:4: evilmike_zot_entry_diamond, layout_cross, serial_column_ruins,
          column_ruins_pillar_6, column_ruins_pillar_3, column_ruins_pillar_4,
          column_ruins_pillar_12, column_ruins_pillar_12, column_ruins_pillar_4,
          column_ruins_pillar_2, column_ruins_pillar_6, column_ruins_pillar_2,
          column_ruins_pillar_1, column_ruins_pillar_7, column_ruins_pillar_3,
          column_ruins_pillar_12, column_ruins_pillar_1, column_ruins_pillar_1,
          column_ruins_pillar_2, column_ruins_pillar_9,
          column_ruins_portal_squares, hell_entry,
          hangedman_decor_clover_reticule, marbit_kobold_abyss_entry,
          nicolae_ashenzari_skybound
Zot:1:    grunt_deathspiral_small, layout_cathedral_of_symmetry, st_stairs_6,
          lemuel_lake_of_fire
Zot:2:    layout_gridlike
Zot:3:    lemuel_draconian_sentries_small, layout_misc_corridors
Zot:4:    kennysheep_blocky_room, layout_basic, drop_trap, lemuel_lich_library
Zot:5:    layout_misc_corridors, basic_altar, bh_zot_lava_cross,
          hangedman_zot_diagonal_lockstep, grunt_ministairs_3

Skill      XL: |  1  2  3  4  5  6  7  8  9 10 11 12 13 14 15 16 17 18 19 20 21 22 23 24 25 |
---------------+----------------------------------------------------------------------------+-----
Fighting       | 2 3 4 5 6 8 9 10 11 12 13 15 16 17 18 21 | 21.5
Unarmed Combat | 1 2 3 4 5 7 9 10 12 13 14 16 17 18 19 20 21 22 | 22.0
Throwing       | 4 5 6 7 8 9 10 12 13 14 15 16 17 19 20 22 | 22.0
Shields        | 1 4 5 6 7 8 9 10 11 12 13 14 15 17 | 17.0
Invocations    | 4 5 6 7 11 | 11.0
Armour         | 4 5 6 10 11 | 11.0
Evocations     | 2 |  2.0
Dodging        | |  1.5
Stealth        | |  0.3

Action                   |  1- 3 |  4- 6 |  7- 9 | 10-12 | 13-15 | 16-18 | 19-21 | 22-24 | 25-27 || total
-------------------------+-------+-------+-------+-------+-------+-------+-------+-------+-------++-------
Melee: Unarmed           |    85 |    91 |   218 |   626 |   942 |   785 |  1294 |  1121 |   108 ||  5270
       Punch             |       |     2 |     1 |       |       |       |       |       |       ||     3
Throw: Large rock        |     1 |     4 |    32 |    26 |    49 |   276 |   222 |   436 |    78 ||  1124
       Stone             |       |    19 |       |     1 |       |       |       |       |       ||    20
       Javelin           |       |     7 |     2 |     8 |    81 |   163 |    84 |   122 |    25 ||   492
       Dart              |       |       |       |    19 |     2 |     1 |     4 |     1 |       ||    27
       Throwing net      |       |       |       |     2 |       |     1 |     1 |     1 |       ||     5
       Boomerang         |       |       |       |     1 |   313 |   149 |    36 |    71 |    36 ||   606
Invok: Heroism           |       |       |     1 |    10 |    15 |    22 |    18 |    16 |     6 ||    88
       Finesse           |       |       |       |     1 |     3 |     3 |     6 |     2 |     1 ||    16
       Duel              |       |       |       |       |       |       |       |     2 |       ||     2
Evoke: Wand              |       |       |       |     1 |     8 |     5 |     1 |     4 |       ||    19
       Phial of floods   |       |       |       |       |       |       |     1 |     2 |     1 ||     4
  Use: Scroll            |       |       |     6 |    12 |    11 |    12 |    12 |    19 |     5 ||    77
       Potion            |       |       |     1 |       |     2 |     2 |     3 |    12 |       ||    20
 Stab: Sleeping          |     1 |       |     3 |       |     1 |       |       |       |       ||     5
       Distracted        |       |       |       |       |     1 |       |       |     2 |       ||     3
       Invisible         |       |       |       |       |       |     4 |       |       |       ||     4
Armor: Robe              |    26 |    19 |    29 |       |     4 |    66 |     5 |    52 |    15 ||   216
       Troll leather arm |       |       |       |    98 |   187 |       |       |       |       ||   285
       Acid dragon scale |       |       |       |       |       |     2 |   135 |   135 |       ||   272
       Skin              |       |       |       |       |       |       |       |    41 |       ||    41
Dodge: Dodged            |    39 |    45 |    38 |    90 |   218 |   140 |   141 |   173 |    20 ||   904
       Repelled          |       |       |       |       |       |    32 |     7 |     1 |       ||    40
Block: Tower shield      |       |       |   177 |   595 |  1014 |   435 |  1237 |  1246 |   100 ||  4804
       Reflection        |       |       |     9 |    27 |    21 |   123 |   100 |    10 |       ||   290
       Kite shield       |       |       |       |       |       |   329 |       |       |       ||   329
